 Dungeon Crawl Stone Soup version 0.31.0-4-g52a2dc7128 (webtiles) character file.

Game seed: 13521844936516428033

34 hawla the Scratcher (level 3, -3/18 HPs)
             Began as a Felid Shapeshifter on Jan 22, 2024.
             Slain by a gnoll
             ... wielding a +0 club
              (9 damage)
             ... on level 2 of the Dungeon.
             The game lasted 00:03:49 (745 turns).

hawla the Scratcher (Felid Shapeshifter)             Turns: 745, Time: 00:03:50

Health: -3/18      AC:  1    Str: 12    XL:     3   Next: 14%
Magic:  4/4        EV: 17    Int: 13    God:
Gold:   111        SH:  0    Dex: 15    Spells: 2/2 levels left
                                        Lives:  0   Deaths: 1

rFire   . .          .
                       - Unarmed
rCold   . . .        (shield unavailable)
rNeg    . . .        (body armour unavailable)
rPois   .            (helmet unavailable)
rElec   .            (cloak unavailable)
rCorr   .            (gloves unavailable)
SInv    +            (boots unavailable)
Will    .....        (no amulet)
Stlth   +            (no ring)
HPRegen 0.23/turn    (no ring)
MPRegen 0.09/turn

%: no passive effects
@: beast-form
A: beast (slay +1), very small, claws 1, fangs 3, see invisible, shaggy fur 1,
stealthy paws, no weapons or thrown items, no armour, multi-lived
a: Begin Untransformation


You were on level 2 of the Dungeon.
You were a hulking beast.
You visited 1 branch of the dungeon, and saw 2 of its levels.

You collected 111 gold pieces.

Inventory:

Talismans
 b - a beast talisman
 c - a flux talisman
Scrolls
 d - a scroll of revelation
 h - a scroll of silence {unknown}
 i - a scroll of fear {unknown}
 l - 2 scrolls of enchant weapon {unknown}
 m - a scroll of vulnerability {unknown}
 n - 3 scrolls of noise {unknown}
Potions
 a - a potion of lignification
 e - a potion of resistance {unknown}
 f - 2 potions of berserk rage {unknown}
 j - a potion of attraction {unknown}
 k - a potion of curing {unknown}


   Skills:
 - Level 1.0 Fighting
 - Level 2.6 Dodging
 + Level 3.4 Unarmed Combat
 * Level 3.4 Shapeshifting


You had 2 spell levels left.
You didn't know any spells.
Your spell library contained the following spells:

 Spells                   Type           Power      Damage    Failure   Level
 Magic Dart               Conj           0%         1d3       30%         1
 Blink                    Tloc           0%         N/A       43%         2
 Call Imp                 Summ           0%         N/A       43%         2
 Lesser Beckoning         Tloc           0%         N/A       43%         2
 Momentum Strike          Conj/Tloc      0%         3d8       43%         2


Dungeon Overview and Level Annotations

Branches:
Dungeon (2/15)

Altars:


Innate Abilities, Weirdness & Mutations

You are a hulking beast.
Your limbs bulge with bestial killing power. (Slay +1)
You have sharp claws.
You have razor-sharp teeth.
You have supernaturally acute eyesight. (SInv)
You are covered in fur. (AC +1)
Your paws help you pounce on unaware monsters.
You are incapable of wielding weapons or throwing items.
You cannot wear armour.
You gain extra lives every three experience levels.


Message History

The adder closely misses you.
You scratch the adder.
The adder is moderately wounded.
The adder misses you. The adder bites you.
You scratch the adder.
The adder is severely wounded.
The adder closely misses you.
You closely miss the adder. Your bite misses the adder.
The adder is severely wounded.
The adder completely misses you.
You claw the adder!
You kill the adder!
No target in view!
A gnoll is nearby!
Okay, then.
Your transformation has ended.
You turn into a tree.
Your roots penetrate the ground.
You hit the gnoll.
You kill the gnoll!
You have reached level 3!
Your experience leads to an increase in your attributes!
Increase (S)trength, (I)ntelligence, or (D)exterity?
You feel stronger. x2
You start resting.
Your transformation is almost over.
A gnoll is nearby!
You feel less wooden.
You turn into a hulking beast.
Unknown command.
The gnoll shouts!
You scratch the gnoll but do no damage. The gnoll hits you with a +0 club.
You scratch the gnoll.
The gnoll is moderately wounded.
The gnoll hits you with a +0 club!
* * * LOW HITPOINT WARNING * * *
You are too injured to fight recklessly!
The gnoll attacks as it pursues you! The gnoll misses you.
The gnoll attacks as it pursues you! The gnoll hits you with a +0 club!
Ouch! That really hurt!
You die...

##...#####.).........,,*****,**
##...#####.#.#...#****,# *,**
##...#####[..g...#####.###**,**
###...#########...##.......,,,,,
#...)..#########...#.##..#**,***
#.##.#.#########.........# *,***
##....#.## #..#.#.#..# *,,,,
........)#########........#
*,,,,
##....#(.##.....hg.#)#.#.##
*,,,, #.........#<#####........#
*,,,, #..............##..#.#.#.#
*,,,, #.###.###.#.##.##........#
*,,,* #.# #.# #.#.##.##.###.####
*,,,* #.# #.# #.#.......# #.#
*,,,* #.###<###.##......###.#
*,,,* ..#.....#.##..........#
**,*, ..#.....#.##.......####
*,*,


You could see a gnoll.

Vanquished Creatures
  An adder (D:2)
  A gnoll (D:2)
  4 ball pythons
  4 endoplasms
  A giant cockroach (D:1)
  2 goblins (D:1)
  A bat (D:1)
14 creatures vanquished.

Notes
Turn   | Place    | Note
-------+----------+-------------------------------------------
     0 | D:1      | hawla the Felid Shapeshifter began the quest for the Orb.
     0 | D:1      | Reached XP level 1. HP: 10/10 MP: 2/2
   323 | D:1      | Reached XP level 2. HP: 12/14 MP: 3/3
   617 | D:2      | Mangled by a gnoll
   617 | D:2      | Lost a life (0 lives remaining)
   716 | D:2      | Reached XP level 3. HP: 18/18 MP: 4/4
   745 | D:2      | Slain by a gnoll

Illustrated notes

Levels and vault maps discovered:
D:1:      ebering_trefoil_twist, layout_loops_ring
D:2:      layout_loops_cross, serial_glass, glass_columns_a, glass_columns_b,
          glass_columns_a, glass_columns_b, glass_columns_a,
          shapermc_ecumenical_altar_mp_ritualfount, corexii_corridor_pit

Skill      XL: |  1 |
---------------+----+-----
Shapeshifting  | 3 |  3.4
Fighting       | |  1.0
Dodging        | |  2.6
Unarmed Combat | |  3.4

Action                     || total
---------------------------++-------
  Melee: Unarmed           ||    32
         Bite              ||     2
         Punch             ||     1
    Use: Scroll            ||     2
         Potion            ||     1
 Armour: Skin              ||    17
  Dodge: Dodged            ||    23
